 Dungeon Crawl Stone Soup version 0.24.1-1-gd1d2a07e1b (webtiles) character file.

Game seed: 6558265298678279752, levelgen mode: deterministic

28 Destapler the Skirmisher (level 2, -6/36 HPs)
             Began as a Demonspawn Berserker on Apr 8, 2020.
             Was a Follower of Trog.
             Mangled by Sigmund
             ... wielding a +3 scythe of protection
              (8 damage)
             ... on level 2 of the Dungeon.
             The game lasted 00:02:05 (729 turns).

Destapler the Skirmisher (Demonspawn Berserker)      Turns: 729, Time: 00:02:06

Health: -6/36      AC:  3    Str: 24    XL:     2   Next: 96%
Magic:  0/1        EV: 12    Int: 12    God:    Trog [*.....]
Gold:   50         SH:  0    Dex: 12    Spells: 1/1 levels left

rFire    . . .     SeeInvis .   a - +0 mace
rCold    . . .     Gourm    .   (no shield)
rNeg     . . .     Faith    .   b - +0 animal skin
rPois    .         Spirit   +   (no helmet)
rElec    .         Reflect  .   (no cloak)
rCorr    .         Harm     .   (no gloves)
MR       .....                  n - +0 pair of boots
Stlth    ..........             e - amulet of guardian spirit
HPRegen  0.12/turn              (no ring)
MPRegen  0.07/turn              (no ring)

@: berserking, very quick
A: clever 2, low mp 1, spiny 1, strong 1
a: Berserk, Renounce Religion


You were on level 2 of the Dungeon.
You worshipped Trog.
Trog was aware of your devotion.
You were not hungry.

You visited 1 branch of the dungeon, and saw 2 of its levels.

You collected 50 gold pieces.

Inventory:

Hand Weapons
 a - a +0 mace (weapon)
Armour
 b - a +0 animal skin (worn)
 n - a +0 pair of boots (worn)
Jewellery
 e - an amulet of guardian spirit (around neck)
 h - an uncursed amulet of the acrobat
Scrolls
 d - 3 scrolls of identify {unknown}
 f - a scroll of fog {unknown}
 i - a scroll of enchant armour {unknown}
 j - a scroll of noise {unknown}
 k - a scroll of teleportation {unknown}
 m - a scroll of fear {unknown}
Potions
 l - a potion of haste {unknown}
Comestibles
 c - 2 rations
 o - 2 chunks of flesh


   Skills:
 + Level 3.2 Fighting
 + Level 2.9 Maces & Flails
 + Level 0.8 Throwing
 + Level 2.1 Armour
 + Level 2.1 Dodging


You had one spell level left.
You didn't know any spells.
Your spell library was empty.

Dungeon Overview and Level Annotations

Branches:
Dungeon (2/15)

Altars:

Annotations:
D:2 Sigmund


Innate Abilities, Weirdness & Mutations

You are partially covered in sharp spines.
Your mind is very acute. (Int +4)
Your magical capacity is low. (-10% MP)
Your muscles are strong. (Str +2)


Message History

You see here an adder skeleton.
It was a potion of mutation.
You feel extremely strange.
You feel stronger.
You feel less energetic.
You feel clever. x2
Okay, then.
A red film seems to cover your vision as you go berserk!
You feel yourself moving faster!
You feel mighty!
You feel a lot more hungry.
Sigmund hits you with a +3 scythe of protection!
* * * LOW HITPOINT WARNING * * *
You sock Sigmund!
Sigmund is moderately wounded.
You sock Sigmund!
Sigmund is heavily wounded.
Sigmund hits you with a +3 scythe of protection.
* * * LOW HITPOINT WARNING * * *
You hit Sigmund.
Sigmund is heavily wounded.
You closely miss Sigmund.
Sigmund is heavily wounded.
Sigmund hits you with a +3 scythe of protection!
You die...

.?. #... #..#
#..#
####..#### #
........#
.##.###.@##.#
.........@..#
.........#†)#
##.##.<....#
#..#.......
#......####
#..##..#
.......#
##.[##...
#..# ####


You could see Sigmund.

Vanquished Creatures
  An adder (D:2)
  A dart slug (D:1)
  A leopard gecko (D:1)
  2 giant cockroaches (D:1)
  2 goblins (D:1)
  2 hobgoblins
  A ball python (D:1)
  2 bats (D:1)
  2 frilled lizards
  A kobold (D:2)
  2 rats (D:1)
17 creatures vanquished.

Notes
Turn   | Place    | Note
-------+----------+-------------------------------------------
     0 | D:1      | Destapler the Demonspawn Berserker began the quest for the
                  | Orb.
     0 | D:1      | Reached XP level 1. HP: 18/18 MP: 1/1
   143 | D:1      | Gained mutation: You are partially covered in sharp spines.
                  | [demonic ancestry]
   143 | D:1      | Reached XP level 2. HP: 24/24 MP: 0/2
   561 | D:2      | Noticed Sigmund
   724 | D:2      | Gained mutation: Your muscles are strong. (Str +2) [potion
                  | of mutation]
   724 | D:2      | Gained mutation: Your magical capacity is low. (-10% MP)
                  | [potion of mutation]
   724 | D:2      | Gained mutation: Your mind is acute. (Int +2) [potion of
                  | mutation]
   724 | D:2      | Gained mutation: Your mind is very acute. (Int +4) [potion
                  | of mutation]
   729 | D:2      | Mangled by Sigmund

Levels and vault maps discovered:
D:1:      dpeg_arrival_rooms_c, layout_rooms, minmay_hedge_maze
D:2:      layout_loops_ring, uniq_terence, uniq_sigmund

Skill      XL: |  1  2 |
---------------+-------+-----
Dodging        | 2 |  2.1
Armour         | 2 |  2.1
Fighting       | |  3.2
Maces & Flails | |  2.9
Throwing       | |  0.8

Action                   || total
-------------------------++-------
Melee: Mace              ||    45
Invok: Berserk           ||     1
  Use: Potion            ||     1
Armor: Animal skin       ||     7
Dodge: Dodged            ||    39
